 Dungeon Crawl Stone Soup version 0.21.0 (webtiles) character file.

238 mortelune the Firebug (level 5, -2/39 HPs)
             Began as a Draconian Fire Elementalist on Jan 6, 2018.
             Slain by Grinder (10 damage)
             ... while paralysed by Grinder
             ... on level 4 of the Dungeon.
             The game lasted 00:10:27 (5146 turns).

mortelune the Firebug (Draconian Fire Elementalist) Turns: 5146, Time: 00:10:27

Health: -2/39      AC:  6    Str: 10    XL:     5   Next: 78%
Magic:  6/9        EV:  2    Int: 16    God:
Gold:   137        SH:  0    Dex: 12    Spells: 4/10 levels left

rFire    . . .     SeeInvis .   q - -1 mace (curse)
rCold    . . .     Gourm    .   (no shield)
rNeg     . . .     Faith    .   (armour unavailable)
rPois    .         Spirit   .   (helmet restricted)
rElec    .         Reflect  .   (no cloak)
rCorr    .         Harm     .   (no gloves)
MR       .....                  h - +0 pair of boots
Stlth    +++.......             n - amulet of magic regeneration
HPRegen  0.13/turn              k - ring of stealth
MPRegen  0.36/turn              l - +3 ring of evasion

@: paralysed
A: unfitting armour, cold-blooded, AC +5
a: no special abilities


You were on level 4 of the Dungeon.
You were not hungry.

You visited 1 branch of the dungeon, and saw 4 of its levels.

You collected 137 gold pieces.

Inventory:

Hand Weapons
 f - a +0 dagger
 m - a +0 mace
 q - a cursed -1 mace (weapon)
Armour
 h - a +0 pair of boots (worn)
Jewellery
 i - an uncursed ring of flight
 k - a ring of stealth (left hand)
 l - a +3 ring of evasion (right hand)
 n - an amulet of magic regeneration (around neck)
Wands
 o - a wand of flame (24)
Scrolls
 c - a scroll of immolation {unknown}
 g - 2 scrolls of identify
 r - a scroll of teleportation {unknown}
Potions
 d - 2 potions of haste
 e - 3 potions of curing {unknown}
 j - 2 potions of flight
Books
 a - a book of Flames

   Spells                             Type                      Level
   a - Flame Tongue                   Conjuration/Fire             1
   b - Throw Flame                    Conjuration/Fire             2
   c - Conjure Flame                  Conjuration/Fire             3
   d - Inner Flame                    Hexes/Fire                   3
   e - Sticky Flame                   Conjuration/Fire             4
   f - Fireball                       Conjuration/Fire             5
Comestibles
 b - 6 rations
 p - 5 chunks of flesh


   Skills:
 - Level 0.6 Fighting
 - Level 1.7 Dodging
 - Level 2.0 Stealth
 + Level 3.2 Spellcasting
 * Level 4.0 Conjurations
 + Level 4.0 Fire Magic


You had 4 spell levels left.
You knew the following spells:

 Your Spells              Type           Power        Failure   Level  Hunger
a - Flame Tongue          Conj/Fire      ###..        3%          1    None
b - Throw Flame           Conj/Fire      ###...       5%          2    ##.....
c - Conjure Flame         Conj/Fire      ###.....     11%         3    ###....


Dungeon Overview and Level Annotations

Branches:
Dungeon (4/15)
 Temple: D:4-7

Altars:
Gozag
Kikubaaqudgha

Annotations:
D:4 Grinder


Innate Abilities, Weirdness & Mutations

Your plain brown scales are hard. (AC +5)
You cannot fit into any form of body armour.
You are cold-blooded and may be slowed by cold attacks.


Message History

The flame tongue hits Grinder.
Grinder is severely wounded.
Grinder gestures at you. Pain shoots through your body!
Casting: Flame Tongue
Confirm with . or Enter, or press ? or * to list all spells.
Aiming: Flame Tongue
Press: ? - help, Shift-Dir - straight line, f/p - Grinder
Aim: Grinder (severely wounded)
The flame tongue hits Grinder.
Grinder is almost dead.
Grinder gestures at you.
You suddenly lose the ability to move!
Grinder barely misses you. Grinder hits you.
* * * LOW HITPOINT WARNING * * *
You writhe in agony.
* * * LOW HITPOINT WARNING * * *
Grinder hits you!
You die...

#...# #...#
##...+ #....#
#...># #....#
#.#[.#######.#
###....5@.......
#..<............
#.##..#####.###.
#.##..# ..
#.##..###### ##
#...........
####..#####.
#..# #..#


You could see Grinder.

Vanquished Creatures
  Jessica (D:3)
  Terence (D:2)
  Natasha (thrice) (D:2)
  Robin (D:3)
  3 adders
  An ooze (D:2)
  A worm (D:3)
  2 leopard geckos (D:3)
  An orc (D:3)
  A ball python (D:2)
  17 goblins
  11 hobgoblins
  3 jackals (D:3)
  3 quokkas
  6 bats
  2 frilled lizards
  3 kobolds
  5 rats (D:1)
65 creatures vanquished.

Notes
Turn   | Place    | Note
-------+----------+-------------------------------------------
     0 | D:1      | mortelune the Draconian Fire Elementalist began the quest for the Orb.
     0 | D:1      | Reached XP level 1. HP: 14/14 MP: 3/3
   551 | D:1      | Reached XP level 2. HP: 22/22 MP: 0/5
   604 | D:1      | Learned a level 2 spell: Throw Flame
  1876 | D:2      | Reached XP level 3. HP: 27/27 MP: 1/6
  2078 | D:2      | Noticed Terence
  2228 | D:2      | Found an ancient bone altar of Kikubaaqudgha.
  2367 | D:2      | Learned a level 3 spell: Conjure Flame
  2367 | D:2      | Noticed Natasha
  2377 | D:2      | Killed Natasha
  2377 | D:2      | Reached XP level 4. HP: 23/34 MP: 1/7
  2481 | D:2      | Noticed Natasha
  2494 | D:2      | Killed Natasha
  2547 | D:2      | Noticed Natasha
  2552 | D:2      | Killed Natasha
  2841 | D:2      | Killed Terence
  2841 | D:2      | Reached XP level 5. HP: 32/39 MP: 0/9
  3268 | D:3      | Noticed Jessica
  3642 | D:3      | Found an opulent altar of Gozag.
  3765 | D:3      | Killed Jessica
  4891 | D:3      | Noticed Robin
  4909 | D:3      | Killed Robin
  5125 | D:4      | Noticed Grinder
  5132 | D:4      | Paralysed by Grinder for 7 turns
  5143 | D:4      | Paralysed by Grinder for 5 turns
  5146 | D:4      | Slain by Grinder

Skill      XL: |  1  2  3  4  5 |
---------------+----------------+-----
Stealth        | 2 |  2.0
Conjurations   | 2 3 4 |  4.0
Spellcasting   | 3 |  3.2
Fire Magic     | 4 |  4.0
Fighting       | |  0.6
Dodging        | |  1.7

Action                   |  1- 3 |  4- 6 || total
-------------------------+-------+-------++-------
Melee: Dagger            |     1 |     4 ||     5
       Mace              |       |     1 ||     1
 Cast: Flame Tongue      |    53 |    99 ||   152
       Throw Flame       |     1 |     1 ||     2
       Conjure Flame     |       |     1 ||     1
  Use: Scroll            |       |     4 ||     4
  Eat: Chunk             |     5 |     9 ||    14
Armor: Skin              |    14 |    22 ||    36
Dodge: Dodged            |    30 |    32 ||    62
